NYP
MILWAUKEE (NYP) BREWERS @ TRI-CITY DUST DEVILS
06/13/2044
 
TOP OF THE 1ST
Milwaukee (NYP) Brewers batting - Pitching for Tri-City Dust Devils : RHP Jared Van Heel
Pitching: RHP Jared Van Heel
Batting: RHB Vinny Estrada 0-0: Ball
1-0: Reached on error, E4 (Line Drive, 4, EV 72.5 MPH)
Batting: RHB Bobby McCann 0-0: SINGLE (Line Drive, 8RM, EV 103.1 MPH)
Vinny Estrada to second
Batting: RHB Skyler Goss 0-0: Called Strike
0-1: Ball
1-1: Called Strike
Vinny Estrada steals 3rd base
1-2: Ball
2-2: Foul Ball, location: 2F
2-2: Foul Ball, location: 2F
2-2: Ball
3-2: Foul Ball, location: 2F
3-2: Foul Ball, location: 2F
3-2: Foul Ball, location: 2F
3-2: Foul Ball, location: 2F
3-2: Foul Ball, location: 2F
3-2: Strikes out looking
Batting: SHB Mitchell Greene 0-0: Ball
1-0: Ball
2-0: SINGLE (Groundball, 34D, EV 108.1 MPH)
Vinny Estrada scores
Bobby McCann to second
Runner from 2nd tries for 3rd, SAFE, throw by RF made at trailing runner, OUT! 9-6
Batting: LHB Aaron Mobley 0-0: Ball
1-0: Swinging Strike
1-1: Foul Ball, location: 2F
1-2: SINGLE (Line Drive, 34D, EV 98.1 MPH)
Bobby McCann scores
Batting: RHB Brian Landrum 0-0: Ball
Wild Pitch!
Aaron Mobley to second
1-0: Swinging Strike
1-1: Called Strike
1-2: Foul Ball, location: 2F
1-2: Ball
2-2: Ball
3-2: Strikes out looking
Top of the 1st over - 2 runs, 3 hits, 1 error, 1 left on base; Milwaukee (NYP) 2 - Tri-City 0
BOTTOM OF THE 1ST
Tri-City Dust Devils batting - Pitching for Milwaukee (NYP) Brewers : RHP Travis Bieberich
Pitching: RHP Travis Bieberich
Batting: LHB Frank McConnell 0-0: Called Strike
0-1: Ball
1-1: Ball
2-1: Ball
3-1: Base on Balls
Batting: RHB Jeremy Mercer 0-0: Ball
1-0: Ball
Balk!
Frank McConnell to second
2-0: Ball
3-0: Called Strike
3-1: Base on Balls
Batting: RHB Hector Fernandez 0-0: Ball
1-0: Ball
2-0: Fielders Choice at 2nd, 6-4 (Groundball, 6, EV 90.6 MPH)
Frank McConnell to third
Batting: LHB Roger Duque 0-0: Ball
Wild Pitch!
Frank McConnell scores
Hector Fernandez to second
1-0: Called Strike
1-1: Ball
Wild Pitch!
Hector Fernandez to third
2-1: Ground out 6-3 (Groundball, 6, EV 81.9 MPH)
Hector Fernandez scores
Batting: RHB Jaden Scott 0-0: Foul Ball, location: 2F
0-1: Swinging Strike
0-2: SINGLE (Groundball, 6MD, EV 102.5 MPH)
Batting: RHB Joe Weissman 0-0: Ball
1-0: Ball
Jaden Scott steals 2nd base
2-0: Called Strike
2-1: Ball
3-1: Called Strike
3-2: Foul Ball, location: 2F
3-2: Ground out 5-3 (Groundball, 5S, EV 70.6 MPH)
Bottom of the 1st over - 2 runs, 1 hit, 0 errors, 1 left on base; Milwaukee (NYP) 2 - Tri-City 2
TOP OF THE 2ND
Milwaukee (NYP) Brewers batting - Pitching for Tri-City Dust Devils : RHP Jared Van Heel
Batting: RHB Bryant Thies 0-0: Called Strike
0-1: Ball
1-1: Ground out 4-3 (Groundball, 4, EV 99.4 MPH)
Batting: RHB Derek Halliwill 0-0: Ball
1-0: Ball
2-0: Foul Ball, location: 2F
2-1: Swinging Strike
2-2: Foul Ball, location: 2F
2-2: Strikes out swinging
Batting: SHB Adam Slade 0-0: Called Strike
0-1: SINGLE (Groundball, 34D, EV 100.6 MPH)
Batting: RHB Vinny Estrada 0-0: Ball
1-0: Ball
2-0: Foul Ball, location: 2F
2-1: Foul Ball, location: 2F
2-2: Strikes out swinging
Top of the 2nd over - 0 runs, 1 hit, 0 errors, 1 left on base; Milwaukee (NYP) 2 - Tri-City 2
BOTTOM OF THE 2ND
Tri-City Dust Devils batting - Pitching for Milwaukee (NYP) Brewers : RHP Travis Bieberich
Batting: RHB Ruben Luis 0-0: Called Strike
0-1: Foul Ball, location: 2F
0-2: Foul Ball, location: 2F
0-2: Ball
1-2: Foul Ball, location: 2F
1-2: Foul Ball, location: 2F
1-2: Ball
2-2: Fly out, F6 (Line Drive, 6, EV 66.2 MPH)
Batting: RHB Ron Major 0-0: Called Strike
0-1: Ball
1-1: Ball
2-1: Ball
3-1: Foul Ball, location: 2F
3-2: Base on Balls
Batting: RHB Bernardino Truyeres 0-0: Foul Ball, location: 2F
0-1: Foul Ball, location: 2F
0-2: Strikes out swinging
Batting: LHB Frank McConnell 0-0: Ball
1-0: Ball
2-0: Ball
3-0: Base on Balls
Ron Major to second
Batting: RHB Jeremy Mercer 0-0: Ball
1-0: Ball
2-0: Ball
3-0: Called Strike
3-1: Foul Ball, location: 2F
3-2: Strikes out looking
Bottom of the 2nd over - 0 runs, 0 hits, 0 errors, 2 left on base; Milwaukee (NYP) 2 - Tri-City 2
TOP OF THE 3RD
Milwaukee (NYP) Brewers batting - Pitching for Tri-City Dust Devils : RHP Jared Van Heel
Batting: RHB Bobby McCann 0-0: SINGLE (Groundball, 34D, EV 94.4 MPH)
Batting: RHB Skyler Goss 0-0: Ball
1-0: Ball
2-0: Called Strike
2-1: Ball
3-1: Foul Ball, location: 2F
3-2: Foul Ball, location: 2F
3-2: Foul Ball, location: 2F
Balk!
Bobby McCann to second
3-2: Strikes out swinging
Batting: SHB Mitchell Greene 0-0: Foul Ball, location: 2F
0-1: Fly out, F2 (Popup, 25F, EV 78.1 MPH)
Batting: LHB Aaron Mobley 0-0: Ball
1-0: Ball
2-0: Ball
3-0: Called Strike
3-1: Called Strike
3-2: Strikes out swinging
Top of the 3rd over - 0 runs, 1 hit, 0 errors, 1 left on base; Milwaukee (NYP) 2 - Tri-City 2
BOTTOM OF THE 3RD
Tri-City Dust Devils batting - Pitching for Milwaukee (NYP) Brewers : RHP Travis Bieberich
Batting: RHB Hector Fernandez 0-0: Ball
1-0: Called Strike
1-1: Swinging Strike
1-2: Fly out, F6 (Popup, 6D, EV 48.1 MPH)
Batting: LHB Roger Duque 0-0: Ball
1-0: Ground out 1-3 (Groundball, 13, EV 68.1 MPH)
Batting: RHB Jaden Scott 0-0: Ball
1-0: Ball
2-0: Called Strike
2-1: Foul Ball, location: 2F
2-2: Ball
3-2: Strikes out swinging
Bottom of the 3rd over - 0 runs, 0 hits, 0 errors, 0 left on base; Milwaukee (NYP) 2 - Tri-City 2
TOP OF THE 4TH
Milwaukee (NYP) Brewers batting - Pitching for Tri-City Dust Devils : RHP Jared Van Heel
Batting: RHB Brian Landrum 0-0: Ball
1-0: Ball
2-0: SINGLE (Groundball, 6, EV 100.6 MPH)
Batting: RHB Bryant Thies 0-0: Foul Ball, location: 2F
0-1: Swinging Strike
0-2: Ball
1-2: Foul Ball, location: 2F
1-2: Fielders Choice at 2nd, 2-6 (Groundball, 13S, EV 65.6 MPH)
Batting: RHB Derek Halliwill 0-0: Ball
1-0: Ball
2-0: Reached on error, E6 (Groundball, 6, EV 81.9 MPH)
Bryant Thies to second
Batting: SHB Adam Slade 0-0: Called Strike
Bryant Thies steals 3rd base
Derek Halliwill to second
0-1: Ball
1-1: Ball
2-1: Ball
3-1: Fly out, F7 (Flyball, 78D, EV 91.2 MPH)
Runner from 3rd tags up, SCORES, no throw by LF
Batting: RHB Vinny Estrada 0-0: Called Strike
0-1: Ground out 3-1 (Groundball, 34, EV 81.9 MPH)
Top of the 4th over - 1 run, 1 hit, 1 error, 1 left on base; Milwaukee (NYP) 3 - Tri-City 2
BOTTOM OF THE 4TH
Tri-City Dust Devils batting - Pitching for Milwaukee (NYP) Brewers : RHP Travis Bieberich
Pitching: LHP Tom Barone
Batting: RHB Joe Weissman 0-0: Ball
1-0: SINGLE (Groundball, 13S, EV 76.9 MPH) (infield hit)
Batting: RHB Ruben Luis 0-0: Called Strike
0-1: DOUBLE (Flyball, 8LXD, EV 90.0 MPH)
Joe Weissman to third
Batting: RHB Ron Major 0-0: Fly out, F8 (Flyball, 8RXD, EV 110.6 MPH)
Runner from 3rd tags up, SCORES, no throw by CF
Ruben Luis to third
Batting: RHB Bernardino Truyeres 0-0: Called Strike
0-1: Foul Ball, location: 2F
0-2: Strikes out swinging
Batting: LHB Frank McConnell 0-0: Swinging Strike
0-1: Ball
1-1: Ball
2-1: Foul Ball, location: 2F
2-2: Strikes out swinging
Bottom of the 4th over - 1 run, 2 hits, 0 errors, 1 left on base; Milwaukee (NYP) 3 - Tri-City 3
TOP OF THE 5TH
Milwaukee (NYP) Brewers batting - Pitching for Tri-City Dust Devils : RHP Jared Van Heel
Batting: RHB Bobby McCann 0-0: Ball
1-0: Ball
2-0: Called Strike
2-1: Called Strike
2-2: Strikes out swinging
Batting: RHB Skyler Goss 0-0: Called Strike
0-1: Ball
1-1: Called Strike
1-2: Foul Ball, location: 2F
1-2: Ground out 5-3 (Groundball, 5L, EV 99.4 MPH)
Batting: SHB Mitchell Greene 0-0: Called Strike
0-1: Ball
1-1: Ball
2-1: SINGLE (Line Drive, 56D, EV 99.4 MPH)
Batting: LHB Aaron Mobley 0-0: Called Strike
0-1: Foul Ball, location: 2F
0-2: Foul Ball, location: 2F
0-2: Foul Ball, location: 2F
0-2: Ball
1-2: Strikes out swinging
Top of the 5th over - 0 runs, 1 hit, 0 errors, 1 left on base; Milwaukee (NYP) 3 - Tri-City 3
BOTTOM OF THE 5TH
Tri-City Dust Devils batting - Pitching for Milwaukee (NYP) Brewers : LHP Tom Barone
Batting: RHB Jeremy Mercer 0-0: Ball
1-0: Called Strike
1-1: Swinging Strike
1-2: SINGLE (Line Drive, 3D, EV 100.6 MPH)
Batting: RHB Hector Fernandez 0-0: Called Strike
0-1: Foul Ball, location: 2F
0-2: Strikes out looking
Batting: LHB Roger Duque 0-0: Ball
1-0: Ball
2-0: Ball
3-0: Called Strike
3-1: Base on Balls
Jeremy Mercer to second
Batting: RHB Jaden Scott 0-0: Ball
Wild Pitch!
Jeremy Mercer to third
Roger Duque to second
1-0: Foul Ball, location: 2F
1-1: Called Strike
1-2: Ball
2-2: Fly out, F7 (Line Drive, 7, EV 91.9 MPH)
Batting: RHB Joe Weissman 0-0: Ball
1-0: Called Strike
1-1: Foul Ball, location: 2F
1-2: Ball
2-2: Ball
3-2: Foul Ball, location: 2F
3-2: Foul Ball, location: 2F
3-2: Base on Balls
Batting: RHB Ruben Luis 0-0: SINGLE (Groundball, 6MS, EV 88.1 MPH) (infield hit)
Jeremy Mercer scores
Roger Duque to third
Joe Weissman to second
Batting: RHB Ron Major 0-0: Swinging Strike
0-1: SINGLE (Groundball, 6MD, EV 96.9 MPH)
Roger Duque scores
Joe Weissman to third
Ruben Luis to second
Runner from 3rd tries for Home, SAFE, throw by CF to home
Pitching: RHP Dan Patino
Batting: RHB Bernardino Truyeres 0-0: Called Strike
0-1: Foul Ball, location: 2F
0-2: Foul Ball, location: 2F
0-2: Strikes out swinging
Bottom of the 5th over - 3 runs, 3 hits, 0 errors, 2 left on base; Milwaukee (NYP) 3 - Tri-City 6
TOP OF THE 6TH
Milwaukee (NYP) Brewers batting - Pitching for Tri-City Dust Devils : RHP Jared Van Heel
Pitching: LHP Andy Silveira
Batting: RHB Brian Landrum 0-0: Called Strike
0-1: Ball
1-1: Swinging Strike
1-2: Strikes out looking
Batting: RHB Bryant Thies 0-0: Ball
1-0: Ball
2-0: Ball
3-0: Base on Balls
Batting: RHB Derek Halliwill 0-0: Ball
1-0: Called Strike
1-1: Hit by Pitch
Bryant Thies to second
Batting: SHB Adam Slade 0-0: Called Strike
Bryant Thies steals 3rd base
0-1: Ball
1-1: Ball
2-1: Ball
3-1: Base on Balls
Derek Halliwill to second
Batting: RHB Vinny Estrada 0-0: Ball
1-0: Foul Ball, location: 2F
1-1: Called Strike
1-2: Strikes out swinging
Batting: RHB Bobby McCann 0-0: Fielders Choice at 2nd, 6-4 (Groundball, 6, EV 89.4 MPH)
Top of the 6th over - 0 runs, 0 hits, 0 errors, 3 left on base; Milwaukee (NYP) 3 - Tri-City 6
BOTTOM OF THE 6TH
Tri-City Dust Devils batting - Pitching for Milwaukee (NYP) Brewers : RHP Dan Patino
Batting: LHB Frank McConnell 0-0: Ball
1-0: Foul Ball, location: 2F
1-1: Called Strike
1-2: Strikes out swinging
Batting: RHB Jeremy Mercer 0-0: Called Strike
0-1: Ground out 6-3 (Groundball, 6, EV 106.9 MPH)
Batting: RHB Hector Fernandez 0-0: Ball
1-0: Swinging Strike
1-1: Ball
2-1: Called Strike
2-2: Ball
3-2: Strikes out swinging
Bottom of the 6th over - 0 runs, 0 hits, 0 errors, 0 left on base; Milwaukee (NYP) 3 - Tri-City 6
TOP OF THE 7TH
Milwaukee (NYP) Brewers batting - Pitching for Tri-City Dust Devils : LHP Andy Silveira
Pitching: RHP Eric Teixeira
Batting: RHB Skyler Goss 0-0: Foul Ball, location: 2F
0-1: Foul Ball, location: 2F
0-2: Ball
1-2: Ball
2-2: Ball
3-2: Base on Balls
Batting: SHB Mitchell Greene 0-0: Called Strike
0-1: Ball
1-1: Swinging Strike
1-2: Ball
2-2: Strikes out swinging
Batting: LHB Aaron Mobley 0-0: Called Strike
0-1: Called Strike
0-2: Foul Ball, location: 2F
0-2: Foul Ball, location: 2F
0-2: Foul Ball, location: 2F
Balk!
Skyler Goss to second
0-2: Ball
1-2: Ball
2-2: Ground out 4-3 (Groundball, 34D, EV 104.4 MPH)
Skyler Goss to third
Batting: RHB Brian Landrum 0-0: Fly out, F2 (Popup, 2L, EV 93.1 MPH)
Top of the 7th over - 0 runs, 0 hits, 0 errors, 1 left on base; Milwaukee (NYP) 3 - Tri-City 6
BOTTOM OF THE 7TH
Tri-City Dust Devils batting - Pitching for Milwaukee (NYP) Brewers : RHP Dan Patino
Pitching: RHP Julian Urbina
Batting: LHB Roger Duque 0-0: Ball
1-0: Called Strike
1-1: Swinging Strike
1-2: Foul Ball, location: 2F
1-2: Ball
2-2: Strikes out swinging
Batting: RHB Jaden Scott 0-0: Swinging Strike
0-1: Foul Ball, location: 2F
0-2: Ball
1-2: Ball
2-2: Strikes out looking
Batting: RHB Joe Weissman 0-0: Ball
1-0: Foul Ball, location: 2F
1-1: Ball
2-1: Fly out, F6 (Popup, 6D, EV 71.2 MPH)
Bottom of the 7th over - 0 runs, 0 hits, 0 errors, 0 left on base; Milwaukee (NYP) 3 - Tri-City 6
TOP OF THE 8TH
Milwaukee (NYP) Brewers batting - Pitching for Tri-City Dust Devils : RHP Eric Teixeira
Pitching: RHP Josh Smith
Batting: RHB Bryant Thies 0-0: Ball
1-0: Swinging Strike
1-1: Swinging Strike
1-2: Strikes out swinging
Pinch Hitting: LHB Paul Collins 0-0: Swinging Strike
0-1: Ball
1-1: Ball
2-1: Swinging Strike
2-2: Ground out 4-3 (Groundball, 4, EV 88.8 MPH)
Batting: SHB Adam Slade 0-0: Called Strike
0-1: Ball
1-1: Foul Ball, location: 2F
1-2: Strikes out looking
Top of the 8th over - 0 runs, 0 hits, 0 errors, 0 left on base; Milwaukee (NYP) 3 - Tri-City 6
BOTTOM OF THE 8TH
Tri-City Dust Devils batting - Pitching for Milwaukee (NYP) Brewers : RHP Julian Urbina
Pitching: RHP Javy Uribe
Now in LF: Paul Collins
Now in CF: Bobby McCann
Batting: RHB Ruben Luis 0-0: Ball
1-0: Swinging Strike
1-1: Ball
2-1: Swinging Strike
2-2: Strikes out looking
Batting: RHB Ron Major 0-0: Ball
1-0: Foul Ball, location: 2F
1-1: Foul Ball, location: 2F
1-2: Strikes out swinging
Batting: RHB Bernardino Truyeres 0-0: Ball
1-0: Swinging Strike
1-1: Ball
2-1: Foul Ball, location: 2F
2-2: Strikes out swinging
Bottom of the 8th over - 0 runs, 0 hits, 0 errors, 0 left on base; Milwaukee (NYP) 3 - Tri-City 6
TOP OF THE 9TH
Milwaukee (NYP) Brewers batting - Pitching for Tri-City Dust Devils : RHP Josh Smith
Pitching: RHP Angelo Radford
Batting: RHB Vinny Estrada 0-0: Ground out U3 (Groundball, 3, EV 89.4 MPH)
Batting: RHB Bobby McCann 0-0: Called Strike
0-1: Ball
1-1: Ball
2-1: Ball
3-1: Ground out U3 (Groundball, 34S, EV 67.5 MPH)
Batting: RHB Skyler Goss 0-0: Called Strike
0-1: Swinging Strike
0-2: Foul Ball, location: 2F
0-2: Ball
1-2: Foul Ball, location: 2F
1-2: Foul Ball, location: 2F
1-2: Strikes out looking
Top of the 9th over - 0 runs, 0 hits, 0 errors, 0 left on base; Milwaukee (NYP) 3 - Tri-City 6
Thursday, March 31st , 2022 - OOTP Baseball 22.12 Build 89